 Dungeon Crawl Stone Soup version 0.28-b1-25-g9875b3fc8c (webtiles) character file.

Game seed: 16376716780812335552

60 inmateoo the Ruffian (level 3, 0/29 HPs)
             Began as a Draconian Transmuter on Feb 6, 2022.
             Slain by Grinder (6 damage)
             ... while paralysed by Grinder
             ... on level 3 of the Dungeon.
             The game lasted 00:02:30 (2470 turns).

inmateoo the Ruffian (Draconian Transmuter)         Turns: 2470, Time: 00:02:30

Health: 0/29       AC:  2    Str: 12    XL:     3   Next: 82%
Magic:  0/6        EV:  5    Int: 15    God:
Gold:   71         SH:  0    Dex: 16    Spells: 0/6 levels left

rFire   . . .      SeeInvis .     - Unarmed
rCold   . . .      Faith    .   (shield currently unavailable)
rNeg    . . .      Spirit   .   (armour unavailable)
rPois   x          Reflect  .   (helmet currently unavailable)
rElec   .          Harm     .   (cloak currently unavailable)
rCorr   .          Rampage  .   (gloves currently unavailable)
Will    .....                   (boots currently unavailable)
Stlth   +.........              (no amulet)
HPRegen 0.09/turn               (no ring)
MPRegen 0.10/turn               (no ring)

@: paralysed, spider-form, very slightly contaminated
A: venomous fangs, AC +5, tiny, unfitting armour, (cold-blooded)
a: End Transformation


You were on level 3 of the Dungeon.
You were a venomous arachnid creature.
You visited 1 branch of the dungeon, and saw 3 of its levels.

You collected 71 gold pieces.

Inventory:

Wands
 g - a wand of flame (3)
 j - a wand of iceblast (8)
Scrolls
 a - a scroll of teleportation {unknown}
 c - a scroll of noise {unknown}
 d - 2 scrolls of enchant armour {unknown}
 e - a scroll of immolation {unknown}
 k - a scroll of vulnerability {unknown}
Potions
 b - a potion of haste {unknown}
 f - a potion of flight {unknown}
 h - a potion of mutation {unknown}
 i - a potion of heal wounds {unknown}


   Skills:
 + Level 2.0 Fighting
 - Level 2.0 Dodging
 + Level 3.5 Unarmed Combat
 + Level 2.4 Spellcasting
 + Level 2.5 Transmutations
 + Level 0.5 Poison Magic


You couldn't memorise any spells.
You knew the following spells:

 Your Spells              Type           Power      Damage    Failure   Level
a - Beastly Appendage     Tmut           18%        N/A       21%         1
b - Wereblood             Tmut           9%         N/A       26%         2
c - Spider Form           Tmut/Pois      6%         N/A       56%         3

Your spell library contained the following spells:

 Spells                   Type           Power      Damage    Failure   Level
 Ice Form                 Ice/Tmut       5%         N/A       90%         4
 Olgreb's Toxic Radiance  Pois           3%         N/A       95%         4
 Ozocubu's Refrigeration  Ice            0%         4d5       100%        7
 Ignition                 Fire           0%         3d3       100%        8


Dungeon Overview and Level Annotations

Branches:
Dungeon (3/15)

Altars:

Annotations:
D:3 Grinder


Innate Abilities, Weirdness & Mutations

You are a venomous arachnid creature.
You have poisonous fangs.
You are tiny and dextrous.
Your spellcasting is less reliable in this form.
Your armour is entirely melded.
You are incapable of wielding weapons or throwing items.
((Your plain brown scales are hard. (AC +5)))
You cannot fit into any form of body armour.
((You are cold-blooded and may be slowed by cold attacks.))


Message History

The giant cockroach bites you but does no damage.
The giant cockroach waves its antennae.
The giant cockroach bites you but does no damage.
You closely miss the giant cockroach.
The giant cockroach is moderately wounded.
The giant cockroach bites you but does no damage.
You hit the giant cockroach.
You kill the giant cockroach!
No target in view!
You now have 71 gold pieces (gained 11).
j - a wand of iceblast (8)
Found a scroll labelled HEKHLE VONALEF.
Grinder comes into view.
Found 12 gold pieces.
Grinder shouts!
Grinder moves out of view.
k - a scroll labelled HEKHLE VONALEF
Found a smoky blue potion and 19 bolts.
Casting: Wereblood (safe; 11% risk of failure)
Confirm with . or Enter, or press ? or * to list all spells.
The spell is extremely dangerous to miscast (34% risk of failure)!
Continue anyway?
You miscast Spider Form.
You are very lightly contaminated with residual magic.
Nothing appears to happen.
Casting: Spider Form (extremely dangerous; 34% risk of failure)
Confirm with . or Enter, or press ? or * to list all spells.
The spell is extremely dangerous to miscast (34% risk of failure)!
Continue anyway?
You turn into a venomous arachnid creature.
You bite Grinder!
Grinder is poisoned.
Grinder is moderately wounded.
Grinder hits you.
You writhe in agony.
You hit Grinder but do no damage.
Grinder is moderately wounded.
Grinder gestures at you.
You suddenly lose the ability to move!
Grinder hits you!
You writhe in agony.
Grinder hits you.
* * * LOW HITPOINT WARNING * * *
You writhe in agony.
You die...

..!(...
$..... .....
.... #..# ##
#..#
######.##..##
#
........#...#
.#
######..s5..#
.. #.##..##.#
#.#...#x.#
#.#...##.#
#......##.#
####....#...
##...##...# .
#....# .###..
#....####....


You could see Grinder (very poisoned) and a small abomination.

Vanquished Creatures
  An adder (D:2)
  2 worms (D:2)
  2 dart slugs (D:2)
  3 ball pythons
  5 endoplasms
  3 giant cockroaches
  2 goblins (D:2)
  4 hobgoblins (D:1)
  A quokka (D:1)
  6 bats
  4 frilled lizards
  4 kobolds
  4 rats (D:1)
41 creatures vanquished.

Notes
Turn   | Place    | Note
-------+----------+-------------------------------------------
     0 | D:1      | inmateoo the Draconian Transmuter began the quest for the
                  | Orb.
     0 | D:1      | Reached XP level 1. HP: 16/16 MP: 3/3
    97 | D:1      | Found a faded altar of an unknown god.
   130 | D:1      | Reached XP level 2. HP: 12/23 MP: 5/5
   689 | D:1      | You fall into a shaft and drop 1 floor!
  1251 | D:2      | Reached XP level 3. HP: 25/29 MP: 6/6
  1273 | D:1      | Learned a level 2 spell: Wereblood
  1277 | D:1      | Learned a level 3 spell: Spider Form
  2455 | D:3      | Noticed a small abomination
  2459 | D:3      | Noticed Grinder
  2468 | D:3      | Paralysed by Grinder for 6 turns
  2470 | D:3      | Slain by Grinder

Illustrated notes

Levels and vault maps discovered:
D:1:      scummos_arrival_star, layout_loops_ring,
          shapermc_ecumenical_altar_pompeii
D:2:      layout_basic, grunt_ministairs_3
D:3:      minmay_evil_eye, layout_loops_cross, fedhas_altar_4,
          gammafunk_ghost_abyssal_escape, portal_sewer_entry_d,
          nicolae_concentric_dashed_squares_mild, uniq_sigmund, uniq_natasha,
          uniq_grinder

Skill      XL: |  1  2  3 |
---------------+----------+-----
Dodging        | 2 |  2.0
Fighting       | 2 |  2.0
Unarmed Combat | |  3.5
Spellcasting   | |  2.4
Transmutations | |  2.5
Poison Magic   | |  0.5

Action                   || total
-------------------------++-------
Melee: Unarmed           ||   153
       Punch             ||     4
       Tailslap          ||    11
       Headbutt          ||     6
       Kick              ||     5
 Cast: Beastly Appendage ||     4
       Spider Form       ||     1
       Wereblood         ||     1
 Stab: Sleeping          ||     1
Armor: Skin              ||    60
Dodge: Dodged            ||   108
